 Dungeon Crawl Stone Soup version 0.27-a0-1046-g98bf31544f (webtiles) character file.

Game seed: 9155221618684100611

121 robertstho the Magician (level 5, 0/37 HPs)
             Began as a Djinni Fire Elementalist on Apr 19, 2021.
             Slain by an orc
             ... wielding a +0 short sword
              (4 damage)
             ... on level 3 of the Dungeon.
             The game lasted 00:03:38 (3548 turns).

robertstho the Magician (Djinni Fire Elementalist)  Turns: 3548, Time: 00:03:38

Health: 0/37       AC:  2    Str:  7    XL:     5   Next: 5%
Gold:   122        EV: 12    Int: 18    God:
                   SH:  0    Dex: 13

rFire    + + +     SeeInvis .   m - +2 dagger (speed)
rCold    x . .     Faith    .   (no shield)
rNeg     . . .     Spirit   .   a - +0 robe
rPois    ∞         Reflect  .   (no helmet)
rElec    .         Harm     .   (no cloak)
rCorr    .         Rampage  .   (no gloves)
Will     .....                  (boots unavailable)
Stlth    ++........             (no amulet)
HPRegen  0.12/turn              l - ring of protection from fire
MPRegen  0.00/turn              (no ring)

@: flying
A: fire resistance 2, cold vulnerability 1, float, innate caster, hp casting,
extra vitality 1
a: no special abilities


You were on level 3 of the Dungeon.
You visited 1 branch of the dungeon, and saw 3 of its levels.

You collected 122 gold pieces.

Inventory:

Hand Weapons
 m - a +2 dagger of speed (weapon)
Armour
 a - a +0 robe (worn)
Jewellery
 l - a ring of protection from fire (left hand)
Scrolls
 f - a scroll of blinking {unknown}
 i - a scroll of immolation {unknown}
Potions
 d - 3 potions of heal wounds
 e - a potion of resistance {unknown}
 g - a potion of ambrosia {unknown}
 j - a potion of curing {unknown}


   Skills:
 + Level 1.1 Fighting
 + Level 0.7 Short Blades
 + Level 2.8 Dodging
 + Level 2.0 Stealth
 + Level 4.1 Spellcasting


You couldn't memorise any spells.
You knew the following spells:

 Your Spells              Type           Power      Damage    Failure   Level
a - Foxfire               Conj/Fire      72%        2x1d7     2%          1
b - Conjure Flame         Conj/Fire      18%        6-21      9%          3
c - Inner Flame           Hex/Fire       18%        N/A       9%          3
d - Sticky Flame          Conj/Fire      18%        2d4       26%         4
e - Fireball              Conj/Fire      9%         3d6       58%         5
f - Pain                  Necr           72%        1d7       2%          1
g - Passwall              Tmut/Erth      15%        N/A       4%          2
Your spell library was empty.

Dungeon Overview and Level Annotations

Branches:
Dungeon (3/15)

Altars:


Innate Abilities, Weirdness & Mutations

You are immune to poison.
Your flesh is very heat resistant. (rF++)
You are vulnerable to cold. (rC-)
You float through the air rather than walking.
You learn spells naturally, not from books.
Your magical power is your life essence.
You have superior vitality. (+4 HP)


Message History

Casting: Foxfire (safe; 3% risk of failure)
Confirm with . or Enter, or press ? or * to list all spells.
You conjure some foxfire!
The orc wizard hits you with a +0 dagger.
The foxfire hits the orc wizard.
The orc wizard is almost dead.
The foxfire hits the orc wizard.
You kill the orc wizard!
Your Stealth skill increases to level 2!
Your Spellcasting skill increases to level 4!
You have reached level 5!
The power to cast Passwall wells up from within.
Spell assigned to 'g'.
Casting: Foxfire (safe; 2% risk of failure)
Confirm with . or Enter, or press ? or * to list all spells.
You conjure some foxfire!
The foxfire hits the orc.
The orc is heavily wounded.
The foxfire hits the orc.
The orc is almost dead.
Unknown command.
Casting: Foxfire (safe; 2% risk of failure)
Confirm with . or Enter, or press ? or * to list all spells.
Okay, then.
Casting: Foxfire (safe; 2% risk of failure)
Confirm with . or Enter, or press ? or * to list all spells.
You conjure some foxfire!
The orc hits you with a +0 short sword. x2
The foxfire hits the orc but does no damage.
The orc is almost dead.
The foxfire hits the orc but does no damage.
The orc is almost dead.
The orc closely misses you. The orc hits you with a +0 short sword.
* * * LOW HITPOINT WARNING * * *
Casting: Foxfire (safe; 2% risk of failure)
Confirm with . or Enter, or press ? or * to list all spells.
You conjure some foxfire!
* * * LOW HITPOINT WARNING * * *
The orc hits you with a +0 short sword.
* * * LOW HITPOINT WARNING * * *
The orc hits you with a +0 short sword.
You die...

.# .# #.### #.#
...<. #.#
#...### #>#####
##..#....
#.#...####.....#
#.#......v.v..#
#.#...####@o.##
#.##)## ##o##
####.##.# o#
#>......# o#
#.##.#### o#
#.##.# o.
####.##.## .#
#........# .# .#
#.#......##...


You could see 6 orcs.

Vanquished Creatures
  An orc wizard (D:3)
  3 adders (D:2)
  2 worms (D:2)
  A dart slug (D:2)
  An orc (D:3)
  2 ball pythons
  An endoplasm (D:1)
  4 giant cockroaches
  6 goblins
  3 hobgoblins
  12 jackals
  2 bats (D:1)
  2 frilled lizards
  8 kobolds
  9 rats
57 creatures vanquished.

Vanquished Creatures (others)
  171 foxfires
171 creatures vanquished.

Grand Total: 228 creatures vanquished

Notes
Turn   | Place    | Note
-------+----------+-------------------------------------------
     0 | D:1      | robertstho the Djinni Fire Elementalist began the quest for
                  | the Orb.
     0 | D:1      | Reached XP level 1. HP: 15/15 MP: 0/0
   662 | D:1      | Reached skill level 3 in Spellcasting
   662 | D:1      | Reached XP level 2. HP: 7/21 MP: 0/0
  1475 | D:1      | Reached XP level 3. HP: 20/25 MP: 0/0
  1475 | D:1      | Learned a level 1 spell: Pain
  1927 | D:1      | Found a faded altar of an unknown god.
  2697 | D:2      | Reached XP level 4. HP: 30/31 MP: 0/0
  3181 | D:2      | Reached skill level 1 in Fighting
  3544 | D:3      | Reached skill level 4 in Spellcasting
  3544 | D:3      | Reached XP level 5. HP: 19/37 MP: 0/0
  3544 | D:3      | Learned a level 2 spell: Passwall
  3548 | D:3      | Slain by an orc

Illustrated notes

Levels and vault maps discovered:
D:1:      dpeg_arrival_round_a, layout_basic,
          hellmonk_ecumenical_altar_inner_sanctum
D:2:      layout_basic, chequers_serial_rivers_room_a
D:3:      layout_loops_ring, lemuel_tele_altar, grunt_decor_arrowhead

Skill      XL: |  1  2  3  4 |
---------------+-------------+-----
Spellcasting   | 3 4 |  4.1
Fighting       | 1 |  1.1
Stealth        | 2 |  2.0
Short Blades   | |  0.7
Dodging        | |  2.8

Action                   |  1- 3 |  4- 6 || total
-------------------------+-------+-------++-------
Melee: Short sword       |    23 |       ||    23
       Unarmed           |     1 |       ||     1
       Dagger            |       |     9 ||     9
 Cast: Foxfire           |    63 |    38 ||   101
  Use: Scroll            |       |     2 ||     2
Armor: Robe              |    16 |     1 ||    17
Dodge: Dodged            |    37 |     8 ||    45

Table legend: (Time is in decaauts)
 A = Elapsed time spent in this place.
 B = Non-inter-level travel time spent in this place.
 C = Inter-level travel time spent in this place.
 D = Time resting spent in this place.
 E = Time spent auto-exploring this place.
 F = Levels seen in this place.
 G = Mean time per level.
                   A        B        C        D        E       F      G
               +--------+--------+--------+--------+--------+-----+--------+
         Total |   3545 |   3469 |     76 |    495 |   2530 |   3 | 1181.7 |
       Dungeon |   3545 |   3469 |     76 |    495 |   2530 |   3 | 1181.7 |
               +--------+--------+--------+--------+--------+-----+--------+

Top non-repeatable levels by time:
     D:1: 1949 daAuts
     D:2: 1332 daAuts
     D:3: 264 daAuts
